Map: Prion Terraces

Players

SticklerMac - Winner!

  • Race: Zerg Zerg
  • League: Platinum

Ibleolvlea

  • Race: Protoss Protoss
  • League: Gold

VOD

Have the link to the VOD?

Description

Time

  • Played on: Nov. 15, 2015, 6:36 p.m.
  • Length: 8:57
Show
View Real Time Build Order
Export as new Build Order

SticklerMac Zerg - Winner!

Build Orders: Hatch First 

Get SALT Encoding   

  12  0:00  Drone  
  13  0:12  Overlord  
  13  0:17  Drone  
  14  0:31  Drone x2  
  14  0:35  Drone  
  17  0:54  Hatchery  
  17  0:56  Drone  
  17  1:02  Drone  
  17  1:03  Extractor  
  17  1:09  Drone  
  18  1:20  Spawning Pool  
  17  1:27  Drone  
  17  1:29  Drone  
  19  1:39  Overlord  
  19  1:50  Drone  
  20  2:00  Drone  
  21  2:09  Drone  
  22  2:16  Drone  
  22  2:17  Drone  
  22  2:18  Queen x2  
  28  2:23  Metabolic Boost  
  28  2:26  Drone  
  28  2:29  Drone  
  30  2:39  Drone x2  
  30  2:44  Drone  
  33  2:48  Roach Warren  
  33  2:49  Drone  
  33  2:54  Drone  
  34  3:00  Drone  
  35  3:06  Drone  
  36  3:13  Overlord  
  36  3:20  Extractor  
  36  3:21  Zergling x2  
  36  3:22  Extractor  
  36  3:23  Zergling x2  
  33  3:36  Queen  
  33  3:37  Queen  
  37  3:47  Roach x3  
  44  3:49  Overlord x3  
  44  4:01  Overlord x2  
  43  4:10  Drone x4  
  43  4:12  Drone  
  48  4:20  Drone  
  48  4:21  Drone, Extractor  
  49  4:25  Roach x3  
  57  4:31  Roach x2  
  59  4:39  Roach x2  
  59  4:40  Roach  
  63  4:49  Roach x2  
  65  4:59  Roach  
  67  5:01  Overlord x3  
  67  5:15  Overlord x3  
  67  5:27  Roach x2  
  65  5:35  Lair  
  63  5:38  Drone  
  63  5:39  Drone x3  
  67  5:55  Drone  
  68  6:00  Ravager  
  68  6:02  Ravager x2  
  68  6:03  Ravager  
  72  6:05  Ravager  
  72  6:06  Drone x4  
  72  6:07  Drone  
  72  6:10  Extractor  
  77  6:12  Roach  
  77  6:15  Overlord  
  79  6:27  Spore Crawler  
  79  6:30  Spore Crawler  
  79  6:32  Hatchery, Spine Crawler  
  75  6:35  Spine Crawler  
  75  6:39  Drone  
  76  6:40  Drone  
  76  6:49  Glial Reconstitution  
  76  6:53  Drone x2  
  78  6:55  Evolution Chamber x2  
  78  7:00  Drone x3  
  79  7:13  Roach x8  
  95  7:21  Roach x2  
  99  7:27  Overlord x2  
  99  7:37  Zergling x2  
  100  7:38  Overlord  
  100  7:45  Overlord x2  
  100  7:53  Ravager  
  100  7:54  Ravager x7  
  100  7:58  Zergling x10  
  112  7:59  Zergling x2  
  112  8:02  Ravager  
  112  8:04  Ravager  
  116  8:11  Drone x4  
  120  8:22  Roach x3  
Show
View Real Time Build Order
Export as new Build Order

Ibleolvlea Protoss 

Build Orders:  

Get SALT Encoding   

  12  0:01  Probe (Chrono Boost)  
  13  0:12  Probe (Chrono Boost)  
  14  0:22  Pylon  
  14  0:23  Probe (Chrono Boost)  
  15  0:41  Probe (Chrono Boost)  
  15  0:42  Gateway  
  16  0:46  Assimilator  
  16  0:51  Probe (Chrono Boost)  
  17  1:02  Probe (Chrono Boost)  
  18  1:10  Gateway  
  18  1:20  Probe (Chrono Boost)  
  19  1:28  Pylon  
  19  1:34  Cybernetics Core  
  19  1:45  Probe (Chrono Boost)  
  20  2:04  Gateway  
  20  2:08  Gateway  
  20  2:11  Warp Gate (Chrono Boost)  
  20  2:12  Adept (Chrono Boost)  
  20  2:14  Adept (Chrono Boost)  
  24  2:39  Adept (Chrono Boost)  
  24  2:41  Adept (Chrono Boost)  
  28  2:58  Stalker  
  28  3:05  Pylon  
  30  3:22  Pylon  
  30  3:23  Adept x2  
  33  3:49  Pylon  
  33  4:03  Stalker  
  33  4:04  Stalker  
  33  4:07  Adept x2  
  41  4:20  Nexus  
  39  4:43  Stalker x2, Pylon  
  43  4:46  Zealot x2  
  45  5:06  Zealot  
  47  5:07  Zealot x2  
  47  5:09  Adept  
  52  5:27  Stalker x2  
  44  5:32  Probe  
  44  5:34  Probe (Chrono Boost)  
  44  5:44  Probe (Chrono Boost)  
  44  5:46  Probe (Chrono Boost)  
  44  5:49  Assimilator  
  46  5:56  Mothership Core (Chrono Boost)  
  48  5:59  Pylon  
  48  6:05  Probe (Chrono Boost)  
  49  6:15  Probe (Chrono Boost)  
  49  6:16  Probe (Chrono Boost)  
  51  6:18  Pylon  
  51  6:25  Pylon  
  51  6:30  Probe x2 (Chrono Boost)  
  53  6:40  Zealot  
  53  6:44  Probe (Chrono Boost)  
  56  6:49  Robotics Facility  
  56  6:53  Sentry  
  59  7:01  Probe x2 (Chrono Boost)  
  60  7:11  Assimilator  
  60  7:12  Probe x2 (Chrono Boost)  
  62  7:22  Probe (Chrono Boost)  
  63  7:26  Gateway  
  63  7:27  Gateway  
  63  7:28  Probe (Chrono Boost)  
  64  7:33  Probe (Chrono Boost)  
  65  7:37  Probe (Chrono Boost)  
  65  7:40  Immortal (Chrono Boost)  
  65  7:44  Probe  
  71  7:47  Probe  
  72  7:52  Assimilator  
  72  7:56  Probe  
  72  7:58  Probe  
  74  8:11  Robotics Bay  
  74  8:13  Probe  
  74  8:15  Immortal (Chrono Boost)  
  79  8:26  Stalker  
  79  8:27  Stalker  
  83  8:30  Stalker  
  75  8:43  Zealot  
  52  8:49  Zealot  
  52  8:50  Zealot  
Tags
 
Add a new tag
Caveats
  • Supply blocks, unpowered buildings, or Contaminate may cause inaccurate times.
  • Supply counts are checked every 10 seconds.